TOP OF THE 1ST |
Lynchburg Hillcats batting - Pitching for Raleigh-Durham Capitals : LHP Rodolfo Corderi
|
Pitching: LHP Rodolfo Corderi
|
|
Batting: RHB Ronald Lee
|
0-0: Ground out 2-3 (Groundball, 15S, EV 63.1 MPH)
|
Batting: RHB Russ Quetti
|
0-0: Called Strike 0-1: Ground out 6-3 (Groundball, 6, EV 108.1 MPH)
|
Batting: RHB William Lajoie
|
0-0: Ball 1-0: Called Strike 1-1: Ball 2-1: Fly out, F8 (Flyball, 78D, EV 96.3 MPH)
|
Top of the 1st over - 0 runs, 0 hits, 0 errors, 0 left on base; Lynchburg 0 - Raleigh-Durham 0 |
BOTTOM OF THE 1ST |
Raleigh-Durham Capitals batting - Pitching for Lynchburg Hillcats : RHP Steve Ontiveros
|
Pitching: RHP Steve Ontiveros
|
|
Batting: SHB Horace Ransom
|
0-0: Called Strike 0-1: Fly out, F8 (Flyball, 8LD, EV 91.3 MPH)
|
Batting: RHB Tony Camara
|
0-0: Ball 1-0: Called Strike 1-1: Fly out, F9 (Line Drive, 9D, EV 90.6 MPH)
|
Batting: LHB Mark Reynolds
|
0-0: Ball 1-0: Called Strike 1-1: SINGLE (Groundball, 34D, EV 99.4 MPH)
|
Batting: LHB Dermot Moriarty
|
0-0: Swinging Strike 0-1: Fly out, F8 (Flyball, 8RM, EV 83.1 MPH)
|
Bottom of the 1st over - 0 runs, 1 hit, 0 errors, 1 left on base; Lynchburg 0 - Raleigh-Durham 0 |
TOP OF THE 2ND |
Lynchburg Hillcats batting - Pitching for Raleigh-Durham Capitals : LHP Rodolfo Corderi
|
Batting: RHB Richard Witt
|
0-0: Called Strike 0-1: Ball 1-1: Called Strike 1-2: SINGLE (Line Drive, 56D, EV 101.9 MPH)
|
Batting: RHB Kenneth Tillman
|
0-0: Ball 1-0: Ball 2-0: Called Strike 2-1: Grounds into double play, 5-4-3 (Groundball, 56, EV 91.3 MPH)
|
Batting: RHB Frederic Wade
|
0-0: Fly out, F6 (Line Drive, 6, EV 76.3 MPH)
|
Top of the 2nd over - 0 runs, 1 hit, 0 errors, 0 left on base; Lynchburg 0 - Raleigh-Durham 0 |
BOTTOM OF THE 2ND |
Raleigh-Durham Capitals batting - Pitching for Lynchburg Hillcats : RHP Steve Ontiveros
|
Batting: LHB Richard Kelly
|
0-0: Ball 1-0: SINGLE (Line Drive, 9LS, EV 110.0 MPH)
|
Batting: RHB Richard Ferchen
|
0-0: Ball 1-0: Foul Ball, location: 2F 1-1: Ball 2-1: Called Strike 2-2: Foul Ball, location: 2F 2-2: Foul Ball, location: 2F 2-2: Fly out, F3 (Popup, 34, EV 65.0 MPH)
|
Batting: RHB Luis Brito
|
0-0: Called Strike 0-1: Swinging Strike 0-2: Fly out, F9 (Flyball, 89D, EV 86.3 MPH)
|
Batting: LHB Donald Jamerson
|
0-0: Ground out U3 (Groundball, 3, EV 88.8 MPH)
|
Bottom of the 2nd over - 0 runs, 1 hit, 0 errors, 1 left on base; Lynchburg 0 - Raleigh-Durham 0 |
TOP OF THE 3RD |
Lynchburg Hillcats batting - Pitching for Raleigh-Durham Capitals : LHP Rodolfo Corderi
|
Batting: RHB Jon Corella
|
0-0: Called Strike 0-1: Foul Ball, location: 2F 0-2: Ball 1-2: Ball 2-2: Strikes out swinging
|
Batting: LHB Harold Warner
|
0-0: Swinging Strike 0-1: Ball 1-1: SINGLE (Groundball, 23, EV 63.1 MPH) (infield hit)
|
Batting: RHB Felix Estrada
|
0-0: Called Strike 0-1: Ball 1-1: Ball 2-1: SINGLE (Flyball, 4D, EV 95.0 MPH) Harold Warner to second
|
Batting: RHB Ronald Lee
|
0-0: Called Strike 0-1: Called Strike 0-2: Fly out, F7 (Flyball, 78D, EV 86.3 MPH)
|
Batting: RHB Russ Quetti
|
0-0: Ball 1-0: Called Strike 1-1: Ball 2-1: Ball 3-1: Base on Balls Harold Warner to third Felix Estrada to second
|
Batting: RHB William Lajoie
|
0-0: Ground out 1-3 (Groundball, 15S, EV 71.9 MPH)
|
Top of the 3rd over - 0 runs, 2 hits, 0 errors, 3 left on base; Lynchburg 0 - Raleigh-Durham 0 |
BOTTOM OF THE 3RD |
Raleigh-Durham Capitals batting - Pitching for Lynchburg Hillcats : RHP Steve Ontiveros
|
Batting: RHB Marshall Burk
|
0-0: Ground out 4-3 (Groundball, 4, EV 107.5 MPH)
|
Batting: SHB Horace Ransom
|
0-0: Ball 1-0: Swinging Strike 1-1: Foul Ball, location: 2F 1-2: Ball 2-2: Ball 3-2: Foul Ball, location: 2F 3-2: DOUBLE (Flyball, 8RXD, EV 106.9 MPH)
|
Batting: RHB Tony Camara
|
0-0: Called Strike 0-1: Ground out 1-3 (Groundball, P, EV 70.6 MPH) Horace Ransom to third
|
Batting: LHB Mark Reynolds
|
0-0: Ball 1-0: Foul Ball, location: 2F 1-1: Ground out 4-3 (Groundball, 34D, EV 103.8 MPH)
|
Bottom of the 3rd over - 0 runs, 1 hit, 0 errors, 1 left on base; Lynchburg 0 - Raleigh-Durham 0 |
TOP OF THE 4TH |
Lynchburg Hillcats batting - Pitching for Raleigh-Durham Capitals : LHP Rodolfo Corderi
|
Batting: RHB Richard Witt
|
0-0: Ball 1-0: Ball 2-0: Foul Ball, location: 2F 2-1: Foul Ball, location: 2F 2-2: SINGLE (Groundball, 25, EV 66.3 MPH) (infield hit)
|
Batting: RHB Kenneth Tillman
|
0-0: Ground out 3-1 (Groundball, 34S, EV 80.6 MPH) Richard Witt to second
|
Batting: RHB Frederic Wade
|
0-0: Called Strike 0-1: Fly out, F5 (Popup, 5F, EV 78.1 MPH)
|
Batting: RHB Jon Corella
|
0-0: Called Strike 0-1: Called Strike 0-2: Strikes out looking
|
Top of the 4th over - 0 runs, 1 hit, 0 errors, 1 left on base; Lynchburg 0 - Raleigh-Durham 0 |
BOTTOM OF THE 4TH |
Raleigh-Durham Capitals batting - Pitching for Lynchburg Hillcats : RHP Steve Ontiveros
|
Batting: LHB Dermot Moriarty
|
0-0: Called Strike 0-1: Ground out 4-3 (Groundball, 4, EV 101.9 MPH)
|
Batting: LHB Richard Kelly
|
0-0: Called Strike 0-1: Foul Ball, location: 2F 0-2: Fly out, F8 (Flyball, 8LD, EV 91.9 MPH)
|
Batting: RHB Richard Ferchen
|
0-0: Called Strike 0-1: Foul Ball, location: 2F 0-2: Ball 1-2: Ball 2-2: Strikes out swinging
|
Bottom of the 4th over - 0 runs, 0 hits, 0 errors, 0 left on base; Lynchburg 0 - Raleigh-Durham 0 |
TOP OF THE 5TH |
Lynchburg Hillcats batting - Pitching for Raleigh-Durham Capitals : LHP Rodolfo Corderi
|
Batting: LHB Harold Warner
|
0-0: Ball 1-0: Ball 2-0: SINGLE (Groundball, 56S, EV 72.5 MPH) (infield hit)
|
Batting: RHB Felix Estrada
|
0-0: Bunt missed! 0-1: Sac Bunt to 13S - play at first, batter OUT! 1-4 Harold Warner to second
|
Batting: RHB Ronald Lee
|
0-0: Called Strike Harold Warner steals 3rd base 0-1: Ball 1-1: Foul Ball, location: 2F 1-2: Strikes out swinging
|
Batting: RHB Russ Quetti
|
0-0: Ground out 6-3 (Groundball, 56D, EV 101.3 MPH)
|
Top of the 5th over - 0 runs, 1 hit, 0 errors, 1 left on base; Lynchburg 0 - Raleigh-Durham 0 |
BOTTOM OF THE 5TH |
Raleigh-Durham Capitals batting - Pitching for Lynchburg Hillcats : RHP Steve Ontiveros
|
Batting: RHB Luis Brito
|
0-0: Foul Ball, location: 2F 0-1: Ball 1-1: Fly out, F8 (Flyball, 8RS, EV 95.6 MPH)
|
Batting: LHB Donald Jamerson
|
0-0: Ground out 4-3 (Groundball, 4, EV 103.1 MPH)
|
Batting: RHB Marshall Burk
|
0-0: Ball 1-0: Swinging Strike 1-1: Ball 2-1: Foul Ball, location: 2F 2-2: Ball 3-2: Fly out, F4 (Popup, 34, EV 65.6 MPH)
|
Bottom of the 5th over - 0 runs, 0 hits, 0 errors, 0 left on base; Lynchburg 0 - Raleigh-Durham 0 |
TOP OF THE 6TH |
Lynchburg Hillcats batting - Pitching for Raleigh-Durham Capitals : LHP Rodolfo Corderi
|
Batting: RHB William Lajoie
|
0-0: Ball 1-0: Ground out 6-3 (Groundball, 6, EV 107.5 MPH)
|
Batting: RHB Richard Witt
|
0-0: Fly out, F7 (Flyball, 7D, EV 102.5 MPH)
|
Batting: RHB Kenneth Tillman
|
0-0: Ball 1-0: Called Strike 1-1: Ball 2-1: Ball 3-1: Ground out 5-3 (Groundball, 5, EV 99.4 MPH)
|
Top of the 6th over - 0 runs, 0 hits, 0 errors, 0 left on base; Lynchburg 0 - Raleigh-Durham 0 |
BOTTOM OF THE 6TH |
Raleigh-Durham Capitals batting - Pitching for Lynchburg Hillcats : RHP Steve Ontiveros
|
Batting: SHB Horace Ransom
|
0-0: Called Strike 0-1: Ball 1-1: Foul Ball, location: 2F 1-2: Ball 2-2: Foul Ball, location: 2F 2-2: Ball 3-2: Base on Balls
|
Batting: RHB Tony Camara
|
0-0: Ball Horace Ransom is caught stealing 2nd base 2-4 1-0: Fly out, F9 (Flyball, 89S, EV 91.3 MPH)
|
Batting: LHB Mark Reynolds
|
0-0: Foul Ball, location: 2F 0-1: Fly out, F4 (Line Drive, 4, EV 69.4 MPH)
|
Bottom of the 6th over - 0 runs, 0 hits, 0 errors, 0 left on base; Lynchburg 0 - Raleigh-Durham 0 |
TOP OF THE 7TH |
Lynchburg Hillcats batting - Pitching for Raleigh-Durham Capitals : LHP Rodolfo Corderi
|
Batting: RHB Frederic Wade
|
0-0: Swinging Strike 0-1: Called Strike 0-2: Ball 1-2: Foul Ball, location: 2F 1-2: Ground out 5-3 (Groundball, 15, EV 77.5 MPH)
|
Batting: RHB Jon Corella
|
0-0: Called Strike 0-1: Ball 1-1: Called Strike 1-2: SINGLE (Line Drive, 6D, EV 98.8 MPH)
|
Batting: LHB Harold Warner
|
0-0: Ball 1-0: Called Strike 1-1: Ball 2-1: SINGLE (Groundball, 56D, EV 104.4 MPH) Jon Corella to second
|
Batting: RHB Felix Estrada
|
0-0: SINGLE (Line Drive, 3, EV 60.6 MPH) (infield hit) Jon Corella to third Harold Warner to second
|
Batting: RHB Ronald Lee
|
0-0: Grounds into fielders choice 4-2 (Groundball, 4, EV 93.8 MPH) Harold Warner to third Felix Estrada to second
|
Batting: RHB Russ Quetti
|
0-0: Called Strike 0-1: Fly out, F8 (Flyball, 78D, EV 96.3 MPH)
|
Top of the 7th over - 0 runs, 3 hits, 0 errors, 3 left on base; Lynchburg 0 - Raleigh-Durham 0 |
BOTTOM OF THE 7TH |
Raleigh-Durham Capitals batting - Pitching for Lynchburg Hillcats : RHP Steve Ontiveros
|
Batting: LHB Dermot Moriarty
|
0-0: Ground out 4-3 (Groundball, 34, EV 83.8 MPH)
|
Batting: LHB Richard Kelly
|
0-0: Ball 1-0: Called Strike 1-1: SINGLE (Groundball, 6D, EV 96.3 MPH)
|
Batting: RHB Richard Ferchen
|
0-0: Called Strike 0-1: Swinging Strike 0-2: Ball 1-2: Foul Ball, location: 2F 1-2: Strikes out swinging
|
Batting: RHB Luis Brito
|
0-0: Foul Ball, location: 2F 0-1: Called Strike 0-2: Ball 1-2: Ball 2-2: Fielders Choice at 2nd, 6-4 (Groundball, 6, EV 90.6 MPH)
|
Bottom of the 7th over - 0 runs, 1 hit, 0 errors, 1 left on base; Lynchburg 0 - Raleigh-Durham 0 |
TOP OF THE 8TH |
Lynchburg Hillcats batting - Pitching for Raleigh-Durham Capitals : LHP Rodolfo Corderi
|
Batting: RHB William Lajoie
|
0-0: Swinging Strike 0-1: DOUBLE (Line Drive, 8LD, EV 101.9 MPH)
|
Batting: RHB Richard Witt
|
0-0: Intentional Walk
|
Batting: RHB Kenneth Tillman
|
0-0: Fly out, F9 (Flyball, 9LM, EV 95.0 MPH) Runner from 2nd tags up, SAFE at 3rd, no throw by RF
|
Batting: RHB Frederic Wade
|
0-0: Called Strike 0-1: Ball 1-1: Ball 2-1: Called Strike 2-2: Foul Ball, location: 2F 2-2: Ball 3-2: Foul Ball, location: 2F 3-2: Base on Balls Richard Witt to second
|
Batting: RHB Jon Corella
|
0-0: Called Strike 0-1: Ball 1-1: Fly out, F8 (Flyball, 78M, EV 91.9 MPH) Runner from 3rd tags up, OUT at HOME! 8-2
|
Top of the 8th over - 0 runs, 1 hit, 0 errors, 2 left on base; Lynchburg 0 - Raleigh-Durham 0 |
BOTTOM OF THE 8TH |
Raleigh-Durham Capitals batting - Pitching for Lynchburg Hillcats : RHP Steve Ontiveros
|
Batting: LHB Donald Jamerson
|
0-0: Ball 1-0: Called Strike 1-1: Foul Ball, location: 2F 1-2: Strikes out swinging
|
Batting: RHB Marshall Burk
|
0-0: SINGLE (Line Drive, 7LS, EV 109.4 MPH)
|
Batting: SHB Horace Ransom
|
0-0: Bunted foul 0-1: Sac Bunt to 25 - play at first, batter OUT! 5-4 Marshall Burk to second
|
Batting: RHB Tony Camara
|
0-0: Called Strike 0-1: Ball 1-1: Foul Ball, location: 2F 1-2: Ground out 1-3 (Groundball, 15, EV 72.5 MPH)
|
Bottom of the 8th over - 0 runs, 1 hit, 0 errors, 1 left on base; Lynchburg 0 - Raleigh-Durham 0 |
TOP OF THE 9TH |
Lynchburg Hillcats batting - Pitching for Raleigh-Durham Capitals : LHP Rodolfo Corderi
|
Pinch Hitting: RHB Luis A Rivera
|
0-0: Ball 1-0: Called Strike 1-1: Ball 2-1: Foul Ball, location: 2F 2-2: Strikes out looking
|
Batting: RHB Felix Estrada
|
0-0: Fly out, F4 (Flyball, 34D, EV 85.0 MPH)
|
Batting: RHB Ronald Lee
|
0-0: Ball 1-0: Ball 2-0: Ball 3-0: Called Strike 3-1: Fly out, F8 (Flyball, 8RD, EV 88.1 MPH)
|
Top of the 9th over - 0 runs, 0 hits, 0 errors, 0 left on base; Lynchburg 0 - Raleigh-Durham 0 |
BOTTOM OF THE 9TH |
Raleigh-Durham Capitals batting - Pitching for Lynchburg Hillcats : RHP Steve Ontiveros
|
Now in RF: Stanley Cannon
|
|
Batting: LHB Mark Reynolds
|
0-0: Ball 1-0: Called Strike 1-1: Ground out 4-3 (Groundball, 4, EV 90.0 MPH)
|
Batting: LHB Dermot Moriarty
|
0-0: Ball 1-0: SINGLE (Line Drive, 78S, EV 94.4 MPH)
|
Batting: LHB Richard Kelly
|
0-0: Ball 1-0: SINGLE (Flyball, 8LS, EV 85.0 MPH) Dermot Moriarty to second
|
Pinch Runner at 2nd Bobby Bloodsaw:
|
|
Batting: RHB Richard Ferchen
|
0-0: Ball Bobby Bloodsaw steals 3rd base Richard Kelly to second 1-0: Foul Ball, location: 2F 1-1: Foul Ball, location: 2F 1-2: Strikes out looking
|
Batting: RHB Luis Brito
|
0-0: Ball 1-0: Foul Ball, location: 2F 1-1: Ball 2-1: Foul Ball, location: 2F 2-2: Ball 3-2: Strikes out swinging
|
Bottom of the 9th over - 0 runs, 2 hits, 0 errors, 2 left on base; Lynchburg 0 - Raleigh-Durham 0 |
TOP OF THE 10TH |
Lynchburg Hillcats batting - Pitching for Raleigh-Durham Capitals : LHP Rodolfo Corderi
|
Batting: RHB Russ Quetti
|
0-0: Ball 1-0: Called Strike 1-1: Ground out 5-3 (Groundball, 5S, EV 83.8 MPH)
|
Batting: RHB William Lajoie
|
0-0: Ball 1-0: SINGLE (Line Drive, 8RS, EV 111.9 MPH)
|
Batting: RHB Richard Witt
|
0-0: Fly out, F4 (Popup, 4M, EV 69.4 MPH)
|
Batting: RHB Kenneth Tillman
|
0-0: Fly out, F8 (Line Drive, 8LM, EV 110.0 MPH)
|
Top of the 10th over - 0 runs, 1 hit, 0 errors, 1 left on base; Lynchburg 0 - Raleigh-Durham 0 |
BOTTOM OF THE 10TH |
Raleigh-Durham Capitals batting - Pitching for Lynchburg Hillcats : RHP Steve Ontiveros
|
Pitching: RHP Paul Steets
|
|
Batting: LHB Donald Jamerson
|
0-0: DOUBLE (Flyball, 8LD, EV 97.5 MPH)
|
Pinch Hitting: RHB Christopher Barbone
|
0-0: Ball 1-0: Ball 2-0: Called Strike 2-1: 2-RUN HOME RUN (Flyball, 7D, EV 95.6 MPH), Distance : 370 ft
|
Bottom of the 10th over - 2 runs, 2 hits, 0 errors, 0 left on base; Lynchburg 0 - Raleigh-Durham 2 |
GAME OVER ... RALEIGH |
Durham defeats Lynchburg, 2 to 0
|
|
|